 Dungeon Crawl Stone Soup version 0.29.1-2-gbd0b4ee654 (webtiles) character file.

Game seed: 6114280157353850968

12327 GorkyZ the Cleaver (level 12, -8/92 HPs)
             Began as a Formicid Fighter on Nov 21, 2022.
             Was an Initiate of Gozag.
             Mangled by a fire elemental (10 damage)
             ... summoned by a deep elf pyromancer
             ... on level 14 of the Dungeon.
             The game lasted 00:44:40 (12169 turns).

GorkyZ the Cleaver (Formicid Fighter)              Turns: 12169, Time: 00:44:43

Health: -8/92      AC: 13    Str: 24    XL:     12   Next: 18%
Magic:  12/12      EV: 16    Int: 10    God:    Gozag
Gold:   1598       SH:  6    Dex: 16    Spells: 11/11 levels left

rFire   . . .      SeeInvis +   r - +1 war axe (drain)
rCold   . . .      Faith    .   c - +0 buckler
rNeg    + . .      Spirit   .   Y - +1 scale mail of Idealism {rElec rN+ Dex+3 Stlth+}
rPois   .          Reflect  .   (helmet unavailable)
rElec   +          Harm     .   (no cloak)
rCorr   .          Rampage  .   y - +3 pair of gauntlets of War {Slay+5}
Will    ++...                   (no boots)
Stlth   +.........              (no amulet)
HPRegen 0.25/turn               o - ring of willpower
MPRegen 0.13/turn               q - +4 ring of evasion

@: studying Fire Magic
A: permanent stasis, dig shafts and tunnels, antennae 3, four strong arms
a: Dig, Shaft Self, Renounce Religion, Potion Petition, Call Merchant, Bribe
Branch


You were on level 14 of the Dungeon.
You worshipped Gozag.
Gozag was most pleased with you.
You visited 1 branch of the dungeon, and saw 13 of its levels.

You collected 2318 gold pieces.
You spent 234 gold pieces at shops.
You paid 486 gold pieces to Gozag.

Inventory:

Hand Weapons
 f - a +0 dagger of venom
 r - a +1 war axe of draining (weapon)
 M - a +0 battleaxe
 Q - the +7 demon whip of Luxury {flame, Contam Str+2 Int+3}
   (You found it on level 11 of the Dungeon)

   It burns those it strikes, dealing additional fire damage.
   Str:       It affects your strength (+2).
   Int:       It affects your intelligence (+3).
   Contam:    It causes magical contamination when unequipped.
Missiles
 H - 3 boomerangs
 K - 16 poisoned darts (quivered)
Armour
 c - a +0 buckler (worn)
 u - a +1 chain mail
 y - the +3 pair of gauntlets of War (worn) {Slay+5}
   (You found it on level 3 of the Dungeon)

   Slay:      It affects your accuracy & damage with ranged weapons and melee
   (+5).
 X - a +0 plate armour
 Y - the +1 scale mail of Idealism (worn) {rElec rN+ Dex+3 Stlth+}
   (You found it on level 11 of the Dungeon)

   Dex:       It affects your dexterity (+3).
   rElec:     It insulates you from electricity.
   rN:        It protects you from negative energy.
   Stlth:     It makes you more stealthy.
 Z - +0 fire dragon scales
Jewellery
 b - a ring of ice
 i - a +6 ring of dexterity
 k - a +6 ring of dexterity
 n - a ring of flight
 o - a ring of willpower (left hand)
 q - a +4 ring of evasion (right hand)
 v - a ring of positive energy
 F - a ring of protection from fire
 T - a +4 ring of slaying
Wands
 g - a wand of charming (8)
 O - a wand of iceblast (14)
 U - a wand of digging (5)
 V - a wand of mindburst (4)
 W - a wand of polymorph (1)
Scrolls
 p - 3 scrolls of poison
 z - 2 scrolls of amnesia
 G - 3 scrolls of magic mapping
 L - 2 scrolls of fear
 N - a scroll of fog
Potions
 d - 3 potions of might
 l - 3 potions of heal wounds
 m - 3 potions of lignification
 s - 3 potions of curing
 x - 3 potions of cancellation
 A - 2 potions of flight {unknown}
 B - a potion of brilliance {unknown}
 C - 2 potions of attraction {unknown}
 D - a potion of resistance {unknown}
 I - a potion of mutation {unknown}
 S - a potion of magic {unknown}


   Skills:
 + Level 7.7 Fighting
 * Level 9.3(10.0) Axes
 + Level 5.2(8.0) Polearms
 + Level 6.1 Throwing
 + Level 7.8 Armour
 + Level 5.5 Dodging
 + Level 9.2 Shields
 + Level 6.9 Evocations


You had 11 spell levels left.
You didn't know any spells.
Your spell library contained the following spells:

 Spells                   Type           Power      Damage    Failure   Level
 Slow                     Hex            0%         N/A       67%         1
 Summon Small Mammal      Summ           0%         N/A       67%         1
 Call Canine Familiar     Summ           0%         N/A       96%         3
 Confusing Touch          Hex            0%         N/A       96%         3
 Summon Guardian Golem    Hex/Summ       0%         N/A       96%         3
 Vampiric Draining        Necr           0%         2d6       96%         3
 Borgnjor's Vile Clutch   Necr/Erth      0%         N/A       100%        5
 Death Channel            Necr           0%         N/A       100%        6
 Animate Dead             Necr           Unusable   N/A       N/A         4

Dungeon Overview and Level Annotations

Branches:
Dungeon (14/15)            Temple (0/1) D:6            Lair (0/5) D:9
    Orc (0/2) D:9
 Vaults: D:13-14

Altars:
Fedhas
Gozag
Makhleb
Nemelex Xobeh
Okawaru
Ru
Sif Muna
Uskayaw
Wu Jian
Yredelemnul

Shops:
D:9 ((   D:11 *

Annotations:
D:5 2 runed translucent doors, noe's ghost, amateur MiGl


Innate Abilities, Weirdness & Mutations

You cannot be hasted, slowed, berserked, paralysed or teleported.
You can dig through walls and to a lower floor.
You have a pair of large antennae on your head. (SInv)
Your four strong arms can wield two-handed weapons with a shield.


Message History

The poisoned dart closely misses the deep elf pyromancer.
Throw: 18 darts (poison)
Press: ? - help, Q - select action, (/) - cycle Shift-Dir - straight line, f/p - deep elf pyromancer
Aim: a deep elf pyromancer, wielding a +0 short sword (moderately wounded, extremely poisoned, 63% to hit)
You throw a poisoned dart.
The poisoned dart closely misses the deep elf pyromancer.
Throw: 17 darts (poison)
Press: ? - help, Q - select action, (/) - cycle Shift-Dir - straight line, f/p - deep elf pyromancer
Aim: a deep elf pyromancer, wielding a +0 short sword (moderately wounded, extremely poisoned, 63% to hit)
You throw a poisoned dart.
The poisoned dart closely misses the deep elf pyromancer.
The deep elf pyromancer mumbles some strange words.
You slash the deep elf pyromancer! You drain the deep elf pyromancer.
The deep elf pyromancer is almost dead.
You barely miss the fire elemental.
The deep elf pyromancer gestures at you while chanting.
The sticky flame hits you but does no damage.
You are covered in liquid flames!
The fire elemental misses you.
You closely miss the deep elf pyromancer.
The deep elf pyromancer is almost dead.
You completely miss the fire elemental. You barely miss the fire elemental.
You are covered in liquid flames!
* * * LOW HITPOINT WARNING * * *
The deep elf pyromancer casts a spell at you.
The bolt of fire misses you.
The bolt of fire hits the fire elemental.
The fire elemental completely resists.
The fire elemental hits you. The fire elemental burns you!
* * * LOW HITPOINT WARNING * * *
The fire elemental hits you. The fire elemental burns you!
* * * LOW HITPOINT WARNING * * *
You closely miss the deep elf pyromancer.
The deep elf pyromancer is almost dead.
You slash the fire elemental! You completely miss the fire elemental.
You are covered in liquid flames!
* * * LOW HITPOINT WARNING * * *
The fire elemental hits you. The fire elemental burns you!
You die...
Your body crumbles into a pile of gold.

..........
........##
.((......# #
#.......# #.
##.......#
#..#.○......# .
#..Ee.....#..
##..<@........
{#....E........
#...........#
#...........#
#...........#
#.............
#........#..##
.............#
..........##...


You could see a deep elf pyromancer (very poisoned, drained) and 2 fire
elementals.

Vanquished Creatures
  4 two-headed ogres
  2 deep elf pyromancers
  A cyclops (D:12)
  A smoke demon (D:11)
  2 unseen horrors
  A komodo dragon (D:8)
  3 trolls
  A water elemental (D:12)
  12 yaks
  2 shadows
  4 wyverns
  A fire elemental (D:11)
  3 fire bats (D:11)
  A steam dragon (D:7)
  3 water moccasins
  An acid dragon (D:11)
  Duvessa (D:7)
  6 orc warriors
  A sky beast (D:7)
  An ogre (D:4)
  2 centaurs
  2 phantoms
  A kobold brigand (D:6)
  2 bullfrogs (D:8)
  A necrophage (D:7)
  A gnoll sergeant (D:10)
  A scorpion (D:5)
  4 wights (D:7)
  Dowan (D:7)
  2 electric eels (D:12)
  2 jellies
  2 gnoll boudas
  12 orc priests
  6 hounds
  Natasha (thrice) (D:2)
  16 orc wizards
  9 adders
  17 gnolls
  A white imp (D:6)
  An ufetubus (D:6)
  6 dart slugs
  26 orcs
  10 ball pythons
  4 endoplasms
  2 giant cockroaches
  8 goblins
  10 hobgoblins
  10 jackals
  15 kobolds
  5 quokkas
  6 bats
  3 frilled lizards
  6 rats
248 creatures vanquished.

Vanquished Creatures (others)
  14 plants (D:12)
14 creatures vanquished.

Grand Total: 262 creatures vanquished

Notes
Turn   | Place    | Note
-------+----------+-------------------------------------------
     0 | D:1      | GorkyZ the Formicid Fighter began the quest for the Orb.
     0 | D:1      | Reached XP level 1. HP: 18/18 MP: 1/1
   244 | D:1      | Reached XP level 2. HP: 9/24 MP: 2/2
   991 | D:1      | Reached XP level 3. HP: 27/29 MP: 3/3
  1257 | D:1      | Found a faded altar of an unknown god.
  1354 | D:2      | Noticed Natasha
  1365 | D:2      | Killed Natasha
  1366 | D:2      | Reached skill level 1 in Throwing
  1366 | D:2      | Reached skill level 1 in Evocations
  1366 | D:2      | Reached XP level 4. HP: 27/35 MP: 4/4
  1467 | D:2      | Reached skill level 1 in Dodging
  1635 | D:2      | Noticed Natasha
  1644 | D:2      | Killed Natasha
  1645 | D:2      | Reached XP level 5. HP: 36/42 MP: 5/5
  1712 | D:2      | Noticed Natasha
  1719 | D:2      | Killed Natasha
  2135 | D:3      | Found a burning altar of Makhleb.
  2231 | D:3      | Found an opulent altar of Gozag.
  2232 | D:3      | Found a sparkling altar of Nemelex Xobeh.
  2237 | D:3      | Became a worshipper of Gozag Ym Sagoz the Greedy
  2426 | D:3      | Reached XP level 6. HP: 41/47 MP: 6/6
  2577 | D:3      | Found the +3 pair of gauntlets of War {Slay+5}
  3127 | D:4      | Found an iron altar of Okawaru.
  3150 | D:4      | Reached skill level 5 in Shields
  3256 | D:4      | Noticed an ogre
  3260 | D:4      | Killed an ogre
  3261 | D:4      | Reached XP level 7. HP: 54/54 MP: 7/7
  4345 | D:5      | Entered Level 5 of the Dungeon
  4460 | D:5      | Found a large runed translucent door.
  4460 | D:5      | Found a large runed translucent door.
  4461 | D:5      | Noticed noe's ghost (amateur MiGl)
  4684 | D:5      | Reached XP level 8. HP: 60/61 MP: 8/8
  5035 | D:6      | Reached skill level 5 in Axes
  5082 | D:6      | Found a staircase to the Ecumenical Temple.
  5392 | D:6      | Reached skill level 5 in Fighting
  5552 | D:6      | Reached skill level 5 in Armour
  5727 | D:7      | Reached XP level 9. HP: 68/68 MP: 9/9
  5780 | D:7      | Reached skill level 1 in Polearms
  6264 | D:7      | Noticed Dowan
  6264 | D:7      | Noticed Duvessa
  6276 | D:7      | Killed Duvessa
  6278 | D:7      | Killed Dowan
  6919 | D:8      | Reached XP level 10. HP: 76/76 MP: 10/10
  7110 | D:8      | Noticed a komodo dragon
  7122 | D:8      | Killed a komodo dragon
  7136 | D:8      | Reached skill level 5 in Evocations
  7404 | D:8      | Found a shimmering blue altar of Sif Muna.
  7538 | D:9      | Noticed a two-headed ogre
  7544 | D:9      | Killed a two-headed ogre
  7724 | D:9      | Found a basalt altar of Yredelemnul.
  7724 | D:9      | Noticed a deep elf pyromancer
  7735 | D:9      | Killed a deep elf pyromancer
  7871 | D:9      | Found a sacrificial altar of Ru.
  7934 | D:9      | Reached skill level 5 in Throwing
  7938 | D:9      | Found a staircase to the Lair.
  7941 | D:9      | Found a staircase to the Orcish Mines.
  7945 | D:9      | Found Vemmuizi's Weapon Boutique.
  7960 | D:9      | Noticed a two-headed ogre
  7965 | D:9      | Reached XP level 11. HP: 83/83 MP: 11/11
  7969 | D:9      | Killed a two-headed ogre
  8222 | D:9      | Noticed a two-headed ogre
  8226 | D:9      | Killed a two-headed ogre
  8228 | D:9      | Reached skill level 5 in Dodging
  8762 | D:9      | Found a hide-covered altar of Uskayaw.
  8812 | D:9      | Found Onetukk's Weapon Shop.
  8824 | D:9      | Bought 3 poisoned darts for 18 gold pieces
  9052 | D:10     | Entered Level 10 of the Dungeon
  9178 | D:10     | Noticed a two-headed ogre
  9189 | D:10     | Killed a two-headed ogre
  9594 | D:10     | Found an ornate altar of the Wu Jian Council.
 10099 | D:10     | Found a blossoming altar of Fedhas.
 10366 | D:11     | Identified the +1 scale mail of Idealism {rElec rN+ Dex+3
                  | Stlth+}
 10578 | D:11     | Bought a wand of charming (6) for 216 gold pieces
 10699 | D:11     | Noticed a deep elf pyromancer
 10706 | D:11     | Reached XP level 12. HP: 56/91 MP: 12/12
 10713 | D:11     | Reached skill level 5 in Polearms
 10998 | D:11     | Got the +7 demon whip of Luxury {flame, Contam Str+2 Int+3}
 12078 | D:12     | Noticed a six-headed hydra
 12102 | D:12     | You fall into a shaft and drop 2 floors!
 12168 | D:14     | HP: 4/92 [fire elemental[a deep elf pyromancer] (5)]
 12169 | D:14     | Mangled by a fire elemental

Illustrated notes

Levels and vault maps discovered:
D:1:      dpeg_arrival_brainrot, layout_basic,
          hellmonk_ecumenical_altar_pennies_from_heaven,
          chequers_serial_rivers_micro_e
D:2:      layout_rooms, dreamdust_princess_corridor, uniq_natasha
D:3:      layout_basic, grunt_temple_overflow_opulence,
          nicolae_overflow_crystal_walls, minmay_close_crescents
D:4:      minmay_angry_zag, layout_basic, okawaru_gym_becter
D:5:      layout_loops_ring, ebering_ghost_disaster_area, minmay_misc_feat_rows
D:6:      layout_basic, minmay_temple_entry_arrows, grunt_decor_cap
D:7:      layout_basic, uniq_duvessa
D:8:      layout_cave_pools, nicolae_sif_muna_little_library, grunt_ministairs_4
D:9:      layout_basic, mainiacjoe_overflow_surrounded_room,
          overflow_temple_1_default, nicolae_ru_great_annihilating_truth,
          lair_entry_dummy, orc_david_3, serial_shops,
          nicolae_shop_temple_entry_statues_fountains
D:10:     layout_irregular_city, pdpol_wu_jian_five_deadly_venoms,
          fedhas_altar_4
D:11:     minmay_firetagon, layout_cave_pools
D:12:     layout_loops_corners, serial_bayou, serial_bayou_lagoon_a,
          serial_bayou_crossing, serial_bayou_pond_c, serial_bayou_shore_a,
          kennysheep_doodads, uniq_nessos
D:14:     layout_cave_pools, skrybe_vaults_entry_preservation, bloody_makhleb,
          kennysheep_generic_room_9

Skill      XL: |  1  2  3  4  5  6  7  8  9 10 11 12 |
---------------+-------------------------------------+-----
Throwing       | 1 2 3 4 5 6 |  6.1
Evocations     | 1 2 3 4 5 6 |  6.9
Dodging        | 1 2 3 4 5 |  5.5
Axes           | 3 4 5 6 7 9 |  9.3
Fighting       | 4 5 6 7 |  7.7
Armour         | 4 5 6 7 |  7.8
Shields        | 5 6 7 8 9 |  9.2
Polearms       | 2 3 4 5 |  5.2

Action                   |  1- 3 |  4- 6 |  7- 9 | 10-12 || total
-------------------------+-------+-------+-------+-------++-------
Melee: War axe           |    20 |    89 |   172 |   247 ||   528
       Dagger            |    43 |    42 |       |       ||    85
Throw: Dart              |       |       |       |    25 ||    25
Invok: Call Merchant     |       |       |       |     1 ||     1
 Abil: Dig               |       |     1 |       |     2 ||     3
       Shaft Self        |       |       |       |     1 ||     1
  Use: Scroll            |       |     5 |     3 |    10 ||    18
       Potion            |       |       |       |     4 ||     4
 Stab: Confused          |       |       |     1 |       ||     1
       Distracted        |       |       |       |     4 ||     4
       Paralysed         |       |       |       |     1 ||     1
Armor: Scale mail        |    30 |    14 |       |    22 ||    66
       Chain mail        |       |    30 |    68 |    52 ||   150
       Plate armour      |       |       |       |    20 ||    20
Dodge: Dodged            |    23 |    82 |   101 |   174 ||   380
Block: Buckler           |    18 |    40 |    40 |    85 ||   183
